 Dungeon Crawl Stone Soup version 0.24-a0-249-g2af7e83 (webtiles) character file.

Game seed: 2339867468262292721

3570 Borgoz the Slicer (level 10, -5/61 HPs)
             Began as a Kobold Gladiator on Apr 14, 2019.
             Was an Initiate of Ashenzari.
             Slain by a two-headed ogre
             ... wielding a +0 giant club
              (21 damage)
             ... on level 8 of the Dungeon.
             The game lasted 00:09:47 (6805 turns).

Borgoz the Slicer (Kobold Gladiator)                Turns: 6805, Time: 00:09:48

Health: -5/61      AC: 17    Str: 14    XL:     10   Next: 30%
Magic:  10/10      EV: 17    Int: 10    God:    Ashenzari [......]
Gold:   473        SH:  7    Dex: 17    Spells: 9/9 levels left

rFire    + + .     SeeInvis .   b - +2 dagger (venom)
rCold    + . .     Gourm    .   d - +0 shield {reflect}
rNeg     . . .     Faith    .   y - +3 leather armour {rF+}
rPois    .         Spirit   .   c - +0 helmet
rElec    .         Reflect  +   r - scarf {rC+ rF+}
rCorr    .         Harm     .   B - +2 pair of gloves
MR       .....                  k - +2 pair of boots
Stlth    ++++......             m - amulet of the acrobat
HPRegen  0.20/turn              s - +3 ring of protection
MPRegen  0.12/turn              (no ring)

@: studying Axes
A: small, carnivore
a: Curse Item, Renounce Religion


You were on level 8 of the Dungeon.
You worshipped Ashenzari.
Ashenzari was noncommittal.
You were completely stuffed.

You visited 2 branches of the dungeon, and saw 9 of its levels.

You collected 473 gold pieces.

Inventory:

Hand Weapons
 a - a +0 rapier
 b - a +2 dagger of venom (weapon)
Armour
 c - a +0 helmet (worn)
 d - a +0 shield of reflection (worn)
 k - a +2 pair of boots (worn)
 r - a scarf of resistance (worn)
 y - a +3 leather armour of fire resistance (worn)
 B - a +2 pair of gloves (worn)
Jewellery
 m - an amulet of the acrobat (around neck)
 s - a +3 ring of protection (left hand)
Scrolls
 e - 6 scrolls of remove curse
 g - 6 scrolls of fog {unknown}
 h - 2 scrolls of amnesia {unknown}
 i - 4 scrolls of identify {unknown}
 l - 2 scrolls of magic mapping {unknown}
 o - 2 scrolls of enchant armour {unknown}
 v - a scroll of fear {unknown}
 E - a scroll of teleportation {unknown}
Potions
 j - a potion of magic {unknown}
 n - 2 potions of ambrosia {unknown}
 q - 2 potions of curing {unknown}
 t - a potion of haste {unknown}
 u - a potion of flight {unknown}
 w - 2 potions of cancellation {unknown}
 z - a potion of brilliance {unknown}
 C - a potion of heal wounds
 D - a potion of agility {unknown}
Books
 A - a manual of Axes
Comestibles
 f - 10 rations


   Skills:
 + Level 6.5 Fighting
 + Level 8.4 Short Blades
 - Level 2.1 Throwing
 * Level 6.9 Armour
 + Level 7.8 Dodging
 + Level 8.0 Stealth


You had 9 spell levels left.
You didn't know any spells.
Your spell library was empty.

Dungeon Overview and Level Annotations

Branches:
Dungeon (8/15)             Temple (1/1) D:5
   Lair: D:8-11

Altars:
Ashenzari
Cheibriados
Dithmenos
Elyvilon
Fedhas
Gozag
Kikubaaqudgha
Nemelex Xobeh
Okawaru
Qazlal
Ru
Sif Muna
Trog
Uskayaw
Vehumet
Wu Jian
Xom
Yredelemnul
Zin
The Shining One


Innate Abilities, Weirdness & Mutations

You are small and have problems with some larger weapons.
You are carnivorous and can eat meat at any time.


Message History

You hit the two-headed ogre.
The two-headed ogre looks as sick as possible!
The two-headed ogre is severely wounded.
The two-headed ogre barely misses you.
The two-headed ogre completely misses you.
You hit the two-headed ogre.
The two-headed ogre looks as sick as possible!
The two-headed ogre is severely wounded.
You hit the two-headed ogre.
The two-headed ogre is almost dead.
The two-headed ogre hits you with a +0 giant club!
The two-headed ogre hits you with a +0 giant club!!
* * * LOW HITPOINT WARNING * * *
You hit the two-headed ogre but do no damage.
The two-headed ogre looks as sick as possible!
The two-headed ogre is almost dead.
You hit the two-headed ogre.
The two-headed ogre is almost dead.
The two-headed ogre hits you with a +0 giant club!!
You die...

.# .# .# ##. #
#.# #.. #. #.#
#.# ####.##.# #O#
... ...# #@# ...
..# #.# ##.##.#
#.#
####..†#.######.#
................#
####...#<########
##.##.# ... #..
### ####


You could see a two-headed ogre.

Vanquished Creatures
  Pikel (D:5)
  Menkaure (D:6)
  Duvessa (D:6)
  4 slaves (D:5)
  An ice beast (D:6)
  A necrophage (D:7)
  5 sky beasts
  An orc warrior (D:7)
  A phantom (D:4)
  4 ogres
  A centaur (D:7)
  Blork the orc (D:6)
  6 bullfrogs
  Dowan (D:6)
  A scorpion (D:8)
  3 howler monkeys (D:7)
  A crimson imp (D:6)
  4 hounds
  2 bullfrog zombies
  2 bullfrog skeletons
  A centaur skeleton (D:7)
  4 orc priests
  4 orc wizards
  Jessica (D:3)
  Natasha (thrice) (D:3)
  Terence (D:3)
  An iguana (D:5)
  4 worker ants
  2 hound skeletons
  A howler monkey zombie (D:6)
  2 howler monkey skeletons
  5 adders
  An ooze (D:2)
  An adder zombie (D:5)
  An adder skeleton (D:5)
  2 worms
  4 dart slugs
  5 leopard geckos
  17 orcs
  9 bats
  8 giant cockroaches
  4 goblins
  8 hobgoblins
  6 jackals
  11 kobolds
  5 ball pythons
  4 frilled lizards
  A jackal skeleton (D:2)
  A jackal zombie (D:6)
  A quokka skeleton (D:7)
  6 rats
166 creatures vanquished.

Notes
Turn   | Place    | Note
-------+----------+-------------------------------------------
     0 | D:1      | Borgoz the Kobold Gladiator began the quest for the Orb.
     0 | D:1      | Reached XP level 1. HP: 12/12 MP: 1/1
    14 | D:1      | Reached XP level 2. HP: 12/17 MP: 2/2
   148 | D:1      | Reached skill level 1 in Stealth
   217 | D:1      | Reached XP level 3. HP: 16/22 MP: 3/3
   367 | D:1      | Reached skill level 1 in Armour
  1076 | D:2      | Reached XP level 4. HP: 22/27 MP: 4/4
  1451 | D:3      | Reached XP level 5. HP: 24/32 MP: 5/5
  1461 | D:3      | Noticed Natasha
  1471 | D:3      | Killed Natasha
  1784 | D:3      | Reached XP level 6. HP: 37/37 MP: 6/6
  1790 | D:3      | Noticed Natasha
  1795 | D:3      | Killed Natasha
  1795 | D:3      | Reached skill level 5 in Short Blades
  1807 | D:3      | Noticed Terence
  1845 | D:3      | Killed Terence
  2253 | D:3      | Noticed Natasha
  2263 | D:3      | Killed Natasha
  2341 | D:3      | Noticed a sky beast
  2347 | D:3      | Killed a sky beast
  2347 | D:3      | Reached XP level 7. HP: 41/41 MP: 7/7
  2395 | D:3      | Noticed Jessica
  2409 | D:3      | Killed Jessica
  2409 | D:3      | Reached skill level 5 in Dodging
  2770 | D:5      | Entered Level 5 of the Dungeon
  3229 | D:4      | Reached XP level 8. HP: 26/48 MP: 8/8
  3977 | D:4      | Found a shattered altar of Ashenzari.
  4035 | D:4      | Became a worshipper of Ashenzari the Shackled
  4153 | D:5      | Reached skill level 5 in Stealth
  4314 | D:5      | Noticed Pikel
  4386 | D:5      | Killed Pikel
  4386 | D:5      | Reached skill level 5 in Fighting
  4386 | D:5      | Reached skill level 5 in Armour
  4386 | D:5      | Reached XP level 9. HP: 27/54 MP: 9/9
  4525 | D:5      | Found a staircase to the Ecumenical Temple.
  4555 | Temple   | Entered the Ecumenical Temple
  4715 | D:5      | Found a shadowy altar of Dithmenos.
  4926 | D:6      | Found an ancient bone altar of Kikubaaqudgha.
  5083 | D:6      | Noticed Blork the orc
  5100 | D:6      | Killed Blork the orc
  5228 | D:6      | Noticed Menkaure
  5242 | D:6      | Killed Menkaure
  5514 | D:6      | Noticed Duvessa
  5519 | D:6      | Noticed Dowan
  5535 | D:6      | Killed Duvessa
  5550 | D:6      | Killed Dowan
  5747 | D:6      | Found a bloodstained altar of Trog.
  6214 | D:7      | Reached XP level 10. HP: 57/60 MP: 10/10
  6784 | D:8      | Noticed a two-headed ogre
  6805 | D:8      | Slain by a two-headed ogre

Levels and vault maps discovered:
D:1:      dpeg_arrival_stonehenge_12_columns, layout_loops_ring
D:2:      layout_basic, serial_curves, eino_curves_01, eino_curves_04,
          eino_curves_02
D:3:      layout_loops_ring, first_ration, minmay_misc_feat_x,
          serial_bayou_pond_d, st_stairs_1, uniq_terence, uniq_jessica,
          uniq_natasha
D:4:      layout_basic, lemuel_coloured_pillars_altar
D:5:      layout_cave_pools, nicolae_dithmenos_through_a_glass_darkly,
          minmay_temple_entry_grid, grunt_ministairs_13, uniq_pikel
D:6:      minmay_recursive_quarters, layout_basic, kennysheep_mini,
          kiku_gazebo_pond_becter, uniq_blork_the_orc, uniq_duvessa,
          uniq_menkaure
D:7:      layout_basic, grunt_decor_fettered, minmay_manual_monstrance
D:8:      layout_loops_ring, lemuel_crystal_altar, serial_shops,
          nicolae_shop_crystal
Temple:   nicolae_temple_elliptical

Skill      XL: |  1  2  3  4  5  6  7  8  9 10 |
---------------+-------------------------------+-----
Stealth        | 1 2 3 4 5 7 8 |  8.0
Armour         | 1 2 3 5 6 |  6.9
Dodging        | 4 5 6 7 |  7.8
Fighting       | 3 4 5 6 |  6.5
Short Blades   | 5 6 7 8 |  8.4
Throwing       | |  2.1

Action                   |  1- 3 |  4- 6 |  7- 9 | 10-12 || total
-------------------------+-------+-------+-------+-------++-------
Melee: Rapier            |    95 |   132 |       |       ||   227
       Dagger            |       |    23 |   474 |   146 ||   643
Throw: Throwing net      |     2 |     5 |     3 |     1 ||    11
  Use: Potion            |       |     1 |       |       ||     1
 Stab: Sleeping          |     4 |     3 |    15 |     4 ||    26
       Held in net/web   |       |     1 |     2 |       ||     3
       Distracted        |       |     1 |       |       ||     1
  Eat: Chunk             |     9 |     4 |    13 |     2 ||    28
Armor: Leather armour    |    25 |    27 |    68 |    29 ||   149
Dodge: Dodged            |    68 |    97 |   268 |    42 ||   475
Block: Shield            |       |       |    16 |    27 ||    43

Table legend:
 A = Non-vault XP
 B = Vault XP
 C = Vault XP percentage of total XP
 D = Non-vault monster count
 E = Vault monster count
 F = Vault count percentage of total count
                 A         B        C        D         E       F
            +---------+---------+-------+---------+---------+-------
      Total |    3090 |    2011 |  39.4 |     137 |      25 |  15.4
            +---------+---------+-------+---------+---------+-------
        D:1 |      40 |       0 |   0.0 |      23 |       0 |   0.0
        D:2 |      55 |       0 |   0.0 |      20 |       0 |   0.0
        D:3 |     401 |     114 |  22.1 |      26 |       6 |  18.8
        D:4 |     700 |       0 |   0.0 |      21 |       0 |   0.0
        D:5 |     170 |     646 |  79.2 |       7 |       3 |  30.0
        D:6 |     469 |     858 |  64.7 |      14 |      10 |  41.7
        D:7 |    1189 |     393 |  24.8 |      25 |       6 |  19.4
        D:8 |      66 |       0 |   0.0 |       1 |       0 |   0.0
            +---------+---------+-------+---------+---------+-------
